Map: Dusk Towers

Players

JunHyoSeong (Demi) - Winner!

  • Race: Zerg Zerg
  • League: Master

Pokebunny

  • Race: Terran Terran
  • League: Master

Event: SpawningTool Invitational 1

VOD

https://www.youtube.com/watch?v=y051JGJX31k

Description

Time

  • Played on: May 30, 2016, 5:32 p.m.
  • Length: 20:04

All games in this series

Show
View Real Time Build Order
Export as new Build Order

JunHyoSeong Zerg - Winner!

Build Orders: Hatch First 

Get SALT Encoding   

  12  0:01  Drone  
  13  0:13  Overlord  
  13  0:20  Drone  
  14  0:31  Drone  
  14  0:32  Drone  
  16  0:43  Drone  
  17  0:56  Hatchery  
  16  0:59  Drone x2  
  18  1:06  Extractor  
  17  1:14  Spawning Pool  
  17  1:18  Drone  
  17  1:22  Drone  
  18  1:30  Drone  
  19  1:41  Overlord  
  19  2:01  Queen  
  19  2:02  Zergling x4  
  23  2:09  Metabolic Boost, Drone  
  25  2:15  Drone  
  25  2:34  Drone x4  
  25  2:37  Queen  
  29  2:40  Queen  
  33  2:46  Overlord  
  33  2:48  Drone  
  34  2:54  Drone  
  34  2:55  Drone  
  36  3:03  Overlord  
  36  3:07  Zergling x2  
  36  3:10  Drone x3  
  40  3:15  Pneumatized Carapace  
  40  3:19  Zergling x2  
  40  3:22  Drone  
  41  3:34  Drone x3  
  41  3:35  Hatchery  
  43  3:48  Drone x2  
  43  3:49  Drone x3  
  43  3:51  Roach Warren  
  47  3:57  Extractor  
  47  3:58  Queen  
  47  3:59  Overlord  
  48  4:04  Drone x4  
  52  4:17  Overlord  
  52  4:18  Overlord x2  
  52  4:19  Drone x2  
  54  4:26  Drone  
  54  4:27  Drone  
  54  4:30  Extractor  
  55  4:32  Evolution Chamber x2  
  55  4:34  Drone  
  55  4:35  Drone x3  
  55  4:37  Spore Crawler  
  56  4:44  Lair  
  56  4:49  Drone x3  
  59  4:53  Queen  
  59  4:54  Drone  
  59  4:58  Drone x2  
  64  5:00  Zerg Missile Weapons Level 1  
  64  5:03  Drone x3  
  67  5:07  Zerg Ground Armor Level 1  
  67  5:13  Drone x4  
  70  5:31  Drone x2  
  70  5:32  Drone x5  
  70  5:33  Drone  
  78  5:37  Overlord x2  
  78  5:38  Drone x2  
  78  5:40  Extractor x2  
  78  5:44  Glial Reconstitution  
  78  5:46  Infestation Pit  
  78  5:49  Extractor  
  76  5:56  Hatchery  
  75  5:59  Drone x4  
  75  6:02  Roach  
  75  6:03  Roach x6  
  93  6:18  Roach x6  
  105  6:19  Zergling x2  
  105  6:21  Overlord  
  105  6:22  Overlord x2  
  106  6:27  Overlord x2  
  106  6:41  Roach  
  106  6:42  Roach x7  
  106  6:44  Ravager x4  
  126  6:48  Roach  
  127  6:57  Roach x2  
  127  6:59  Hive  
  124  7:14  Infestor x2  
  124  7:17  Drone x3  
  124  7:18  Drone x5  
  124  7:19  Drone x3  
  137  7:30  Zergling x2, Roach x7  
  150  7:38  Zerg Ground Armor Level 2  
  150  7:40  Overlord x2  
  150  7:41  Overlord x2  
  150  7:42  Extractor  
  149  7:44  Extractor  
  149  7:48  Zerg Melee Weapons Level 1  
  148  7:54  Overlord x2  
  148  8:04  Overlord x3  
  148  8:12  Roach x5  
  158  8:17  Ultralisk Cavern  
  157  8:26  Drone x2  
  157  8:27  Drone x2  
  161  8:36  Roach  
  161  8:37  Zergling x2, Roach x12  
  161  8:38  Zergling x8  
  192  8:43  Ravager x4  
  192  8:44  Ravager  
  195  8:54  Queen  
  194  9:08  Ultralisk  
  196  9:11  Ravager x3  
  196  9:12  Chitinous Plating  
  197  9:44  Zerg Melee Weapons Level 2  
  197  9:55  Zerg Missile Weapons Level 2  
  182  10:10  Drone x3  
  182  10:11  Drone  
  182  10:12  Zergling x2, Ultralisk x2  
  182  10:13  Zergling x2  
  200  10:18  Overlord  
  200  10:24  Spore Crawler  
  200  10:25  Spore Crawler  
  197  10:34  Zergling x4  
  197  10:35  Zergling x2  
  185  11:11  Ultralisk x2  
  185  11:12  Zergling x4  
  173  11:39  Extractor  
  171  11:41  Zergling x2, Ultralisk x3  
  171  11:42  Zergling x20  
  195  12:01  Queen  
  195  12:03  Zerg Ground Armor Level 3  
  195  12:06  Queen  
  199  12:12  Zerg Melee Weapons Level 3, Baneling Nest  
  199  12:14  Infestor x2  
  197  12:16  Hatchery  
  197  12:17  Zergling x2  
  197  12:18  Zergling x10  
  199  12:29  Ultralisk x2  
  198  12:37  Zergling x8, Ultralisk  
  200  13:19  Centrifical Hooks  
  190  13:26  Hatchery  
  170  13:27  Ultralisk x3  
  170  13:28  Zergling x24  
  178  13:52  Ultralisk x3  
  178  13:53  Zergling x24  
  178  13:54  Zergling x8  
  162  14:07  Spire  
  162  14:09  Ultralisk  
  170  14:10  Zergling x4, Ultralisk x2  
  160  14:24  Ultralisk x2  
  160  14:25  Ultralisk x2  
  164  14:41  Queen  
  164  14:42  Drone x7  
  164  14:43  Drone x4  
  177  14:49  Queen  
  177  14:52  Queen  
  181  15:04  Spire, Roach x4  
  181  15:05  Zergling x6, Roach  
  193  15:09  Extractor  
  193  15:11  Spore Crawler  
  193  15:13  Extractor, Spore Crawler  
  189  15:26  Zerg Flyer Weapons Level 1  
  186  15:31  Drone x2  
  186  15:32  Drone x3  
  186  15:33  Corruptor  
  186  15:34  Corruptor x2  
  196  15:46  Corruptor  
  198  15:52  Ravager  
  199  16:14  Ravager  
  200  16:19  Zerg Flyer Armor Level 1  
  200  16:33  Baneling  
  200  16:34  Baneling x11  
  195  16:51  Corruptor  
  195  16:52  Corruptor x3  
  200  17:26  Corruptor x6  
  200  17:27  Zergling x2  
  200  17:28  Zergling x38  
  167  17:37  Zergling x2, Ultralisk x3  
  167  17:38  Zergling x22  
  191  17:48  Drone x2  
  191  17:49  Drone x2  
  195  17:53  Baneling  
  195  17:54  Baneling x4  
  195  17:56  Queen  
  195  18:14  Baneling x4  
  195  18:15  Baneling  
  195  18:21  Drone x2  
  195  18:22  Drone x3  
  182  18:44  Zergling x2, Ultralisk  
  182  18:45  Zergling x36  
  171  19:14  Corruptor x4  
  171  19:16  Hatchery  
  172  19:31  Baneling x5  
  172  19:32  Baneling x6  
Show
View Real Time Build Order
Export as new Build Order

Pokebunny Terran 

Build Orders: Liberator Opening, Reaper Expand, MMM Bio 

Get SALT Encoding   

  12  0:01  SCV  
  13  0:13  SCV  
  14  0:18  Supply Depot  
  14  0:25  SCV  
  15  0:39  SCV  
  15  0:40  Barracks  
  16  0:44  Refinery  
  16  0:51  SCV  
  17  1:06  SCV  
  18  1:18  SCV  
  19  1:30  Reaper, Orbital Command  
  20  1:40  Command Center  
  20  1:55  Supply Depot  
  20  1:56  SCV  
  21  2:02  Barracks Reactor  
  21  2:08  SCV  
  22  2:22  Command Center  
  22  2:26  SCV  
  23  2:38  Factory  
  23  2:39  Marine x2  
  23  2:41  SCV  
  26  2:53  SCV  
  27  2:58  Orbital Command  
  27  3:05  SCV  
  28  3:08  Refinery  
  28  3:09  Barracks Tech Lab  
  28  3:17  SCV  
  29  3:25  Starport  
  29  3:29  Marine, SCV  
  29  3:33  Hellion x2  
  34  3:34  Orbital Command  
  34  3:36  SCV  
  34  3:40  Stimpack  
  35  3:43  SCV  
  35  3:47  Marine  
  37  3:49  SCV  
  37  3:50  Liberator  
  37  3:55  SCV  
  39  4:02  Barracks  
  39  4:06  Barracks  
  39  4:08  Marine  
  39  4:09  SCV  
  44  4:12  SCV  
  44  4:13  SCV  
  44  4:17  Factory Reactor  
  46  4:23  SCV  
  47  4:24  SCV  
  47  4:25  SCV  
  47  4:28  Marine  
  50  4:31  Refinery x2  
  50  4:37  Engineering Bay  
  50  4:38  Engineering Bay  
  50  4:39  SCV x3  
  53  4:46  Marine  
  53  4:50  Supply Depot  
  53  4:51  SCV x2  
  56  4:54  Starport Reactor  
  56  5:01  Factory Tech Lab  
  56  5:02  Marine x4  
  56  5:03  Marine  
  56  5:04  Terran Infantry Weapons Level 1, Terran Infantry Armor Level 1  
  61  5:07  Supply Depot  
  61  5:11  SCV x3  
  64  5:14  Supply Depot  
  64  5:20  Marine x4  
  68  5:21  Marine  
  69  5:29  Siege Tank  
  69  5:31  Supply Depot x2  
  69  5:33  SCV x3  
  75  5:38  Supply Depot  
  75  5:39  Marine x3  
  75  5:41  Medivac  
  80  5:45  Medivac  
  80  5:47  Combat Shields  
  82  5:50  Orbital Command  
  82  5:51  SCV x2  
  82  5:56  Supply Depot  
  84  6:04  Siege Tank  
  87  6:13  Supply Depot, SCV x2  
  89  6:19  SCV  
  89  6:23  Marine x4, Armory  
  89  6:25  Barracks, SCV x2  
  96  6:27  Marine, Barracks  
  96  6:28  Medivac  
  96  6:32  Medivac  
  101  6:39  Supply Depot  
  101  6:52  Marine x2  
  102  6:56  Marine  
  102  6:57  Marine x2  
  102  6:59  Siege Tank  
  95  7:10  Marine  
  95  7:15  Barracks Reactor x2, Marine  
  97  7:16  Terran Infantry Weapons Level 2  
  97  7:17  SCV x3  
  97  7:19  Terran Infantry Armor Level 2, Refinery  
  97  7:20  Marine, Command Center  
  97  7:21  Marine  
  102  7:28  Supply Depot  
  102  7:29  SCV x3  
  105  7:30  Supply Depot  
  105  7:31  Marine  
  105  7:34  Siege Tank  
  109  7:41  SCV x2  
  109  7:42  SCV  
  112  7:46  Marine x4  
  112  7:49  Marine  
  117  7:52  Medivac x2  
  117  7:53  SCV  
  117  7:54  SCV x2  
  117  7:56  Supply Depot  
  124  8:03  Marine x4  
  124  8:04  Marine x4  
  132  8:06  Supply Depot  
  132  8:09  Terran Vehicle Weapons Level 1  
  132  8:11  Barracks  
  132  8:12  Barracks  
  135  8:14  Barracks  
  135  8:15  Refinery  
  132  8:25  Marine x7, Marauder  
  140  8:27  Siege Tank  
  140  8:32  Supply Depot  
  143  8:44  Marine x6  
  143  8:45  Marine x2  
  143  8:46  Marauder  
  153  8:55  Liberator  
  153  8:56  Liberator  
  153  9:01  Marine  
  153  9:02  Marine x2  
  152  9:06  Marine  
  152  9:07  Marine, Barracks Tech Lab x2  
  152  9:08  Barracks Reactor, Marine x3, Marauder  
  145  9:10  Siege Tank, Planetary Fortress  
  151  9:17  Starport  
  151  9:19  Marine  
  152  9:27  Marine  
  152  9:28  Marine x5, Marauder x2  
  159  9:42  Marine x2  
  159  9:43  Marauder  
  162  9:45  Marine x2  
  162  9:46  Marine  
  162  9:48  Liberator x2  
  162  9:50  Supply Depot, Marine x3, Marauder x2  
  162  9:51  Supply Depot, Marine x2  
  174  10:00  Marine x2  
  174  10:03  Marine x2  
  184  10:07  Starport Tech Lab  
  184  10:09  Marine x2, Fusion Core  
  184  10:10  Marauder  
  184  10:11  Marine x3  
  191  10:16  SCV x3  
  191  10:17  Refinery x2  
  191  10:21  Terran Infantry Weapons Level 3  
  194  10:26  Command Center  
  194  10:32  Marine x2, Marauder  
  197  10:48  Marine  
  197  10:49  Marauder  
  197  11:03  Marine  
  197  11:04  Marauder x2  
  197  11:07  Liberator  
  197  11:09  Marine x4  
  196  11:18  Marine  
  196  11:19  Marauder  
  196  11:23  Liberator  
  196  11:24  Liberator  
  200  11:25  Marauder  
  184  11:39  Marine x3, Marauder  
  174  11:40  Marauder  
  178  11:50  Marine x2, Marauder, Liberator  
  180  11:55  Marine x2  
  180  11:56  Marine  
  180  12:01  Marauder  
  179  12:02  Marauder  
  179  12:03  Terran Infantry Armor Level 3  
  179  12:06  Liberator x2  
  179  12:07  Missile Turret  
  180  12:12  Marauder  
  182  12:16  Marine  
  182  12:17  Marine x6  
  182  12:22  Marauder  
  184  12:34  Missile Turret  
  178  12:37  Marine x2, Marauder  
  178  12:41  Planetary Fortress  
  178  12:42  SCV x2  
  184  12:45  Siege Tank  
  184  12:46  Marine x2  
  184  12:47  Marine x5, Marauder x2  
  184  12:48  Concussive Shells  
  184  12:49  Medivac  
  200  12:51  Terran Ship Weapons Level 1  
  200  13:12  Liberator  
  200  13:13  Liberator x2  
  141  13:27  Marine x2, Marauder x2  
  141  13:28  Marine x2  
  141  13:29  Marine x6, Marauder  
  166  13:35  Starport, SCV x2  
  166  13:36  Starport, SCV  
  169  13:45  Marine  
  154  13:50  Marine x7, Marauder x2  
  154  13:51  Marine x3  
  128  13:55  Liberator x2  
  128  13:56  Liberator  
  128  13:58  Liberator x2  
  98  14:03  Marine  
  98  14:08  Marine x9  
  98  14:09  Marauder  
  110  14:12  Marauder x2  
  129  14:20  Marine  
  124  14:25  Marine  
  124  14:26  Marine x4  
  124  14:29  Marine x3  
  124  14:30  Marauder  
  127  14:38  Marine x2, Marauder, Refinery  
  135  14:44  Command Center  
  135  14:45  Marine x3  
  131  14:46  Marine x2  
  131  14:49  Liberator  
  136  14:55  Medivac  
  138  15:00  Marine x2  
  138  15:01  Marauder  
  138  15:02  Marine x3, Marauder  
  138  15:06  Medivac  
  152  15:18  Marine x4, Marauder  
  152  15:19  Marine x2  
  160  15:23  Liberator  
  160  15:26  Marine x2, Marauder  
  164  15:31  Marine  
  164  15:32  Marine, Marauder  
  168  15:40  Advanced Ballistics  
  163  15:47  Marine x2, Marauder  
  163  15:48  Marauder  
  169  15:52  Marine x2  
  169  15:53  Marine x2, Marauder  
  175  16:17  Marine x7, Marauder x2  
  182  16:34  Marine x2, Marauder  
  182  16:36  Liberator  
  182  16:38  Marauder  
  186  16:50  Marine  
  186  16:51  Marine x6, Marauder  
  186  16:53  Medivac x3  
  185  16:55  Marine x2  
  185  16:56  Marine, Marauder  
  185  16:59  Marine  
  191  17:02  SCV x2  
  191  17:03  SCV x2  
  195  17:21  Marine  
  195  17:22  Marauder  
  150  17:32  Marine x3, Marauder x2  
  150  17:34  Liberator x3  
  140  17:39  Marine x7  
  140  17:43  Marauder  
  137  17:50  Marine x3  
  140  17:53  Marauder x2  
  140  17:57  Marine x3  
  153  17:58  Planetary Fortress  
  153  18:01  Refinery  
  153  18:05  Marine x3  
  153  18:06  Marauder  
  153  18:09  Marine  
  153  18:10  Marine x2  
  161  18:19  Marine  
  161  18:20  Marine x4, Marauder  
  161  18:23  Marine  
  169  18:27  Marauder  
  169  18:34  Marine x2  
  163  18:38  Marauder  
  152  18:46  Marine  
  152  18:47  Marine x4, Marauder  
  84  18:57  Marine  
  84  18:58  Marine x4, Marauder  
  84  18:59  Marine, Medivac, Liberator x2  
  84  19:00  Medivac  
  89  19:17  Marine x3, Marauder  
  89  19:22  Marine x2  
  96  19:30  Marine  
  96  19:31  Marine, Marauder  
Tags
 
Add a new tag
Caveats
  • Supply blocks, unpowered buildings, or Contaminate may cause inaccurate times.
  • Supply counts are checked every 10 seconds.